cohdb
Replays
Latest Replays
All Replays
Popular Replays
Top Player Replays
Match Explorer
How It Works
Community
CoH3 Stats
Reddit
Sign in to upload your games and track your stats! →
Sign in with Steam
Match 21005147
Unlisted
Match 21005147
Overview
Messages
Build Orders
End
Construct Barracks
Selects Armored Battlegroup
Selects Veteran Crews
1⁄4-ton 4x4 Truck
Riflemen Squad
Riflemen Squad
Grenade Package
Riflemen Squad
Infantry Support Center
M1 Mortar Team
Construct Medical Station
Selects Fast Deploy
M1918 Browning Automatic Rifles
Selects M8 Scott SPG
Munitions Surplus
Engineer Squad
Construct Tank Depot
Selects UNKNOWN (2160077)
Selects M31 Recovery Vehicle
Selects War Machine
M4A3E8 Sherman Easy Eight
Mortar Pit
Construct Weapon Support Center
M4A3E8 Sherman Easy Eight
M3 Armored Personnel Carrier
Engineer Squad
M4A3E8 Sherman Easy Eight
Engineer Squad
Survival Training
M4A3E8 Sherman Easy Eight
AI Takeover
SolidRaziel
Wanjas
FROSTY_PL_01
[078]Eric(NL)
Walther
Otto Skorzeny
Frost
Snafu(PL)
0
0
Comments
sign in to comment!
No comments posted yet!